 Dungeon Crawl Stone Soup version 0.18.1-50-g88ac8fd (webtiles) character file.

92 Nordron the Changer (level 4, -3/38 HPs)
             Began as a Naga Transmuter on Sept 29, 2016.
             Slain by a worm (9 damage)
             ... on level 2 of the Dungeon.
             The game lasted 00:08:01 (3390 turns).

Nordron the Changer (Naga Transmuter)               Turns: 3390, Time: 00:08:02

Health: -3/38      AC:  2    Str: 13    XL:     4   Next: 60%
Magic:  8/8        EV: 10    Int: 13    God:
Gold:   69         SH:  0    Dex: 12    Spells: 1 memorised, 7 levels left

rFire  . . .     SeeInvis +     y - +0 flail
rCold  . . .     Gourm    .     b - +0 robe
rNeg   . . .     Faith    .     (no shield)
rPois  +         Spirit   .     (no helmet)
rElec  .         Dismiss  .     (no cloak)
rCorr  .         Reflect  .     (no gloves)
SustAt .         Harm     .     (no barding)
MR     .....                    (no amulet)
Stlth  +.........               (no ring)
                                r - ring of flight

@: appendage (expiring), very slow, not resistant to hostile enchantments, very
unstealthy
A: horns 2, see invisible, deformed body, poison resistance, slowness 2, slow
metabolism 1, spit poison 2, AC +1
a: Spit Poison, End Transformation, Evoke Flight


You were on level 2 of the Dungeon.
You were not hungry.
You had grown temporary horns.
You visited 1 branch of the dungeon, and saw 4 of its levels.

You collected 69 gold pieces.

Inventory:

Hand Weapons
 f - a +0 mace
 y - a +0 flail (weapon)
Missiles
 a - 12 arrows
Armour
 b - a +0 robe (worn)
 n - a +0 leather armour
 p - a cursed +0 ring mail
Jewellery
 r - a ring of flight (left hand)
 z - an uncursed ring of ice {unknown}
Scrolls
 h - 2 scrolls of enchant armour {unknown}
 i - a scroll of random uselessness {unknown}
 l - 2 scrolls of teleportation {unknown}
 m - 3 scrolls of identify {unknown}
 o - 2 scrolls of recharging {unknown}
 u - a scroll of fear {unknown}
 w - a scroll of remove curse {unknown}
Potions
 e - a potion of resistance {unknown}
 g - 2 potions of curing {unknown}
 j - a potion of might {unknown}
 k - a potion of mutation {unknown}
 s - 2 potions of lignification {unknown}
 t - a potion of haste {unknown}
Books
 c - a book of Changes

   Spells                             Type                      Level
   a - Beastly Appendage              Transmutation                1
   b - Sticks to Snakes               Transmutation                2
   c - Spider Form                    Transmutation/Poison         3
   d - Ice Form                       Ice/Transmutation            4
   e - Blade Hands                    Transmutation                5
Comestibles
 d - 2 bread rations
 q - a meat ration
 v - a beef jerky
 x - 3 chunks of flesh


   Skills:
 - Level 1.0 Fighting
 - Level 1.5 Dodging
 - Level 3.0 Unarmed Combat
 + Level 2.7 Spellcasting
 * Level 4.1 Transmutations


You had 7 spell levels left.
You knew the following spells:

 Your Spells              Type           Power        Failure   Level  Hunger
a - Beastly Appendage     Trmt           ##....       6%          1    #......


Dungeon Overview and Level Annotations

Branches:
Dungeon (4/15)
 Temple: D:4-7

Altars:
Elyvilon
Fedhas


Innate Abilities, Weirdness & Mutations

You cannot wear boots.
Your serpentine skin is tough (AC +1).
You have supernaturally acute eyesight.
Armour fits poorly on your strangely shaped body.
Your system is resistant to poisons.
You cover ground very slowly.
You have a slow metabolism.
You can spit poison.
You have a pair of horns on your head.


Message History

You extend your transformation's duration.
The worm bites you.
You completely miss the worm. You headbutt the worm.
The worm is moderately wounded.
The worm bites you!
* * * LOW HITPOINT WARNING * * *
You hit the worm but do no damage.
The worm is moderately wounded.
The worm completely misses you.
You hit the worm but do no damage.
The worm is lightly wounded.
The worm barely misses you.
You sock the worm!
The worm is heavily wounded.
The worm closely misses you.
You barely miss the worm.
The worm is heavily wounded.
Your transformation is almost over.
The worm bites you!
You die...

....)........... #.#
.##.##.....####. #.#
..#.#####..####.######.#
..#.#####..............#
........)...###........#########
..#######.#.###..#
#...........##
..#######...##...#
##..#####..... .<.##.......#
#.w# #..# #.#.##
......####..###.@####..# #.#.#
)..#### #.............# #.#.#
...# #..###..####.## #.#.# ...#
#..# #..# #.######.#.#
..########..# #..# #.....##.#.#
............###..# #####.##.#.#
#.########.......# #.##.#.#
#.### #..#.#%## #.##.#.#
....######......# #.##.#.#


You could see a worm.

Vanquished Creatures
  4 adders (D:2)
  A giant gecko (D:2)
  4 orcs
  2 bats (D:2)
  3 giant cockroaches
  3 goblins
  9 hobgoblins
  4 jackals (D:2)
  A quokka (D:2)
  2 giant newts (D:1)
  7 kobolds
  A quokka skeleton (D:4)
  8 rats
49 creatures vanquished.

Notes
Turn   | Place    | Note
--------------------------------------------------------------
     0 | D:1      | Nordron the Naga Transmuter began the quest for the Orb.
     0 | D:1      | Reached XP level 1. HP: 18/18 MP: 3/3
   422 | D:1      | Reached XP level 2. HP: 2/25 MP: 5/5
  1127 | D:2      | Reached skill level 3 in Transmutations
  1362 | D:2      | Reached XP level 3. HP: 9/31 MP: 4/6
  2312 | D:2      | Reached XP level 4. HP: 36/38 MP: 5/7
  2821 | D:2      | Found a white marble altar of Elyvilon.
  2821 | D:2      | Found a blossoming altar of Fedhas.
  2876 | D:2      | You fall through a shaft for 2 floors!
  2906 | D:4      | Reached skill level 4 in Transmutations
  3390 | D:2      | Slain by a worm

Skill      XL: |  1  2  3  4 |
---------------+-------------+-----
Transmutations | 3 4 |  4.1
Fighting       | |  1.0
Dodging        | |  1.5
Unarmed Combat | |  3.0
Spellcasting   | |  2.7

Action                   |  1- 3 |  4- 6 || total
-------------------------+-------+-------++-------
Melee: Mace              |    92 |    40 ||   132
       Headbutt          |     7 |     7 ||    14
       Punch             |     1 |       ||     1
       Flail             |       |    34 ||    34
 Cast: Beastly Appendage |    23 |    16 ||    39
  Eat: Chunk             |     2 |     4 ||     6
Armor: Robe              |    13 |    17 ||    30
Dodge: Dodged            |    56 |    69 ||   125
